Map: Stacja Króla Sedżonga ER

Players

twnt - Winner!

  • Race: Zerg Zerg
  • League: Platinum

MMA

  • Race: Terran Terran
  • League: Diamond

VOD

Have the link to the VOD?

Description

Time

  • Played on: July 29, 2016, 1:40 a.m.
  • Length: 6:39
Show
View Real Time Build Order
Export as new Build Order

twnt Zerg - Winner!

Build Orders: Pool First 

Get SALT Encoding   

  12  0:01  Drone  
  13  0:08  Drone  
  14  0:17  Overlord  
  14  0:35  Drone  
  14  0:36  Drone x2  
  17  0:44  Spawning Pool  
  17  0:49  Drone  
  17  0:52  Extractor  
  16  0:58  Drone  
  17  1:18  Hatchery  
  16  1:19  Drone  
  17  1:31  Queen  
  19  1:34  Zergling x2  
  19  1:38  Drone  
  21  1:45  Overlord  
  21  1:52  Drone  
  22  2:01  Metabolic Boost  
  22  2:06  Drone  
  23  2:10  Queen  
  23  2:15  Drone  
  26  2:24  Drone  
  27  2:31  Drone  
  28  2:39  Overlord  
  28  2:45  Roach Warren, Drone  
  28  2:55  Overlord  
  28  3:01  Drone x3  
  28  3:02  Drone  
  28  3:03  Drone  
  33  3:15  Drone x3  
  33  3:18  Extractor  
  35  3:21  Drone  
  35  3:25  Extractor  
  35  3:27  Roach  
  37  3:28  Drone  
  38  3:36  Evolution Chamber  
  38  3:37  Evolution Chamber  
  38  3:38  Drone x2  
  38  3:39  Overlord  
  38  3:40  Overlord  
  38  3:47  Roach  
  38  3:48  Roach  
  42  4:02  Zerg Ground Armor Level 1, Zerg Missile Weapons Level 1  
  42  4:04  Roach  
  42  4:08  Roach  
  42  4:09  Ravager  
  47  4:19  Roach x2  
  47  4:20  Roach  
  53  4:28  Roach  
  53  4:29  Roach  
  57  4:34  Ravager  
  57  4:37  Overlord  
  55  4:54  Roach x3  
  55  4:55  Roach  
  55  4:56  Zergling x2  
  55  4:57  Zergling x6  
  55  4:58  Zergling x2  
  48  5:08  Roach  
  48  5:09  Roach x2  
  30  5:26  Roach x2  
  30  5:27  Zergling x2  
  24  5:35  Roach  
  24  5:42  Zergling x2  
  23  5:55  Roach  
  23  5:56  Zergling x2  
  23  6:08  Roach  
  25  6:13  Drone  
  25  6:16  Drone  
Show
View Real Time Build Order
Export as new Build Order

MMA Terran 

Build Orders:  

Get SALT Encoding   

  12  0:01  SCV  
  13  0:17  SCV  
  13  0:18  Supply Depot  
  14  0:26  Supply Depot  
  14  0:41  Barracks  
  14  0:52  Barracks  
  14  1:09  Barracks  
  14  1:20  Barracks  
  14  1:25  SCV  
  15  1:37  Marine  
  16  1:40  SCV  
  16  1:41  Marine  
  18  1:55  Marine  
  18  1:56  Marine  
  20  2:05  Marine  
  21  2:11  Marine  
  21  2:12  Orbital Command  
  21  2:13  Marine  
  23  2:23  Marine  
  23  2:24  Marine  
  25  2:32  Marine  
  26  2:42  Supply Depot  
  26  2:44  Marine x2  
  26  2:47  Marine  
  26  2:49  Marine  
  30  3:02  Marine  
  30  3:04  Marine  
  30  3:05  Supply Depot  
  32  3:06  Marine  
  32  3:07  Marine  
  34  3:20  Marine  
  34  3:22  Marine  
  34  3:23  Marine  
  34  3:25  Marine  
  38  3:38  Marine  
  38  3:39  Marine  
  40  3:41  Marine  
  40  3:43  Marine  
  42  3:55  Marine  
  42  3:57  Marine  
  42  3:59  Marine  
  42  4:01  Marine  
  46  4:13  Marine  
  47  4:31  Marine  
  47  4:45  Marine x2  
  47  4:46  Marine  
  47  4:49  Marine  
  28  5:03  Marine x2  
  20  5:26  Marine  
  13  5:37  Marine  
  6  6:00  Marine  
  5  6:04  Marine  
  6  6:14  Marine  
Tags
 
Add a new tag
Caveats
  • Supply blocks, unpowered buildings, or Contaminate may cause inaccurate times.
  • Supply counts are checked every 10 seconds.